 Dungeon Crawl Stone Soup version 0.30-a0-377-g5cb311bc9f (webtiles) character file.

Game seed: 361939726461400854

9 MackTheKnife the Sneak (level 2, 0/24 HPs)
             Began as a Demonspawn Delver on Nov 30, 2022.
             Slain by a scorpion (5 damage)
             ... on level 5 of the Dungeon.
             The game lasted 00:01:22 (169 turns).

MackTheKnife the Sneak (Demonspawn Delver)           Turns: 169, Time: 00:01:23

Health: 0/24       AC:  5    Str: 12    XL:     2   Next: 6%
Magic:  2/2        EV: 10    Int: 11    God:
Gold:   0          SH:  0    Dex: 14    Spells: 1/1 levels left

rFire   . . .      SeeInvis .    e - +0 long sword {long}
rCold   . . .      Faith    .    (no shield)
rNeg    . . .      Spirit   .    h - +0 ring mail
rPois   .          Reflect  .    (no helmet)
rElec   .          Harm     .    (no cloak)
rCorr   .          Rampage  .    (no gloves)
Will    .....                    (no boots)
Stlth   ++........               (no amulet)
HPRegen 0.24/turn                (no ring)
MPRegen 0.08/turn                (no ring)

@: lethally poisoned (0 -> -2)
A: claws 1
a: no special abilities


You were on level 5 of the Dungeon.
You visited 1 branch of the dungeon, and saw 1 of its levels.


Innate Abilities, Weirdness & Mutations

You have sharp fingernails.


   Skills:
 - Level 3.0 Fighting
 + Level 2.5 Long Blades
 - Level 1.7 Dodging
 - Level 4.5 Stealth


You had one spell level left.
You didn't know any spells.
Your spell library was empty.

Inventory:

Hand Weapons
 a - a +0 falchion {long}
 e - a +0 long sword (weapon) {long}
   (You found it on level 5 of the Dungeon)
Missiles
 i - 4 poisoned darts (quivered) {throwing}
Armour
 b - a +0 leather armour
 h - a +0 ring mail (worn)
   (You found it on level 5 of the Dungeon)
Wands
 g - a wand of digging (3)
Scrolls
 c - a scroll of fog
Potions
 f - a potion of haste {@q3}

Dungeon Overview and Level Annotations

Branches:
Dungeon (5/15) Zot: 5830
 Temple: D:4-7

Altars:

#.$......#....#*,,*,*,*
O###..$........**,,,*,********
.##............****,,,,,,*,,,*
.##............* *,*,**,,,,,*
.##............## *,,,,,,<,,,*
.###..>.........#
*,,.#***,,,****
...##...##...##.# *...*
****,,,,
##......##*####.###.#<* *,,,,
#####...######.@...#,## *,,,,
#...O....#s.##.#,.# ****,,,,
##.####...r###.#*.###..,,,,,
#.# #..#.##..##....,**,,,, #.#
#.......##.$#*****,,,,
#.#**#.##........# ****,
#.#*...##...###..# **,
#######.##.#####$.#*#### *,,
........##.........#** *,*


You could see a scorpion and a quokka.


Message History

Found a ring mail and 13 gold pieces.
Found a stone staircase leading down.
h - a +0 ring mail You start removing your armour.
You continue taking off your +0 leather armour. x4
You finish taking off your +0 leather armour.
You start putting on your armour.
You continue putting on your +0 ring mail. x5
You finish putting on your +0 ring mail.
There is a stone staircase leading down here.
An ogre comes into view. It is wielding a +0 giant club.
A water moccasin comes into view.
You hear the slow hiss of a distant avalanche of sand.
A scorpion comes into view.
Unknown command.
Unknown command.
Unknown command.
An ogre comes into view. It is wielding a +0 giant club.
Really read
d - a scroll of magic mapping {!r}?
Okay, then.
Unknown command.
As you read the scroll of fear, it crumbles to dust.
You assume a fearsome visage.
The ogre looks frightened!
The ogre shouts!
The scorpion looks frightened!
You hear a shout!
A quokka comes into view.
An adder comes into view.
You hear the slow hiss of a very distant avalanche of sand.
You see here a +0 long sword {long}.
Unknown command.
The helpless adder fails to defend itself.
You hit the adder. The adder bites you. The adder closely misses you. 😕 HP[-1]
You take 1 damage, and now have 17/18 hp.
Unknown command.
You barely miss the adder. The adder barely misses you. 😎 HP[+1]
Your hp is fully restored (18).
You hit the adder. The adder bites you.
The adder bites you but does no damage. 😕 HP[-2]
You take 2 damage, and now have 16/18 hp.
You hit the adder.
You kill the adder!
Your Long Blades skill increases to level 2!
You have reached level 2!
Your demonic ancestry asserts itself...
Your fingernails lengthen. 😕 HP[+6] MP[+1]
You now have 24 max hp (+6).
You regained 6 hp, and now have 22/24 hp.
Your mp is fully restored (2).
e - a +0 long sword {long} Unknown command.
e - a +0 long sword (weapon)
{long} 😕 HP[+1] 😎 HP[+1]
Your hp is fully restored (24).
An iguana comes into view.
i - 4 poisoned darts {throwing} Really read
d - a scroll of magic mapping {!r}?
As you read the scroll of magic mapping {!r}, it crumbles to dust.
You feel aware of your surroundings.
You sensed 1 altar, and 1 shop/portal.
Unknown command.
You see here an adder corpse.
The ogre shouts!
You hear the slow hiss of a very distant avalanche of sand.
The quokka attacks as you move away! The quokka bites you. 😕 HP[-3]
You take 3 damage, and now have 21/24 hp.
The quokka attacks as you move away! The quokka closely misses you.
The scorpion stings you.
You are poisoned.
The scorpion poisons you! The scorpion barely misses you.
The quokka bites you. 😮 HP[-4]
You take 4 damage, and now have 17/24 hp.
You feel sick.
The scorpion barely misses you. 😮 HP[-1]
You take 1 damage, and now have 16/24 hp.
Unknown command.
You feel sick. The scorpion stings you.
* * * LOW HITPOINT WARNING * * *
😨 HP[-6]
You take 6 damage, and now have 10/24 hp.
MASSIVE DAMAGE!! (PAUSE)
The scorpion attacks as you move away! The scorpion stings you.
* * * LOW HITPOINT WARNING * * *
You feel sick. 😱 HP[-4]
You take 4 damage, and now have 6/24 hp.
Unknown command.
You feel sick. 😱 HP[-1]
You take 1 damage, and now have 5/24 hp.
Unknown command.
Okay, then.
Okay, then.
You feel sick.
The scorpion stings you but does no damage.
The scorpion attacks as you move away! The scorpion stings you.
You die...

Skill      XL: |  1 |
---------------+----+-----
Long Blades    | 2 |  2.5
Fighting       | |  3.0
Dodging        | |  1.7
Stealth        | |  4.5

Action                   || total
-------------------------++-------
Melee: Falchion          ||     4
  Use: Scroll            ||     2
 Stab: Sleeping          ||     1
Armor: Ring mail         ||     2
Dodge: Dodged            ||     5

Levels and vault maps discovered:
D:5:      layout_rooms, mainiacjoe_overflow_surrounded_room, enter_ossuary_5,
          uniq_menkaure

Notes
Turn   | Place    | Note
-------+----------+-------------------------------------------
     0 | D:5      | MackTheKnife the Demonspawn Delver began the quest for the
                  | Orb.
     0 | D:5      | Reached XP level 1. HP: 18/18 MP: 1/1
     0 | D:5      | magus.rc [v1.9.6]
    14 | D:5      | Noticed an ogre
    44 | D:5      | Noticed a water moccasin
    71 | D:5      | Noticed a scorpion
    76 | D:5      | Noticed an ogre
   107 | D:5      | Reached skill level 2 in Long Blades
   107 | D:5      | Gained mutation: You have sharp fingernails. [demonic
                  | ancestry]
   107 | D:5      | Reached XP level 2. HP: 22/24 MP: 2/2
   166 | D:5      | HP: 6/24 [poisoned by a scorpion]
   169 | D:5      | Slain by a scorpion

Vanquished Creatures
  An adder (D:5)
1 creature vanquished.

Table legend:
 A = Non-vault XP
 B = Vault XP
 C = Vault XP percentage of total XP
 D = Non-vault monster count
 E = Vault monster count
 F = Vault count percentage of total count
                 A         B        C        D         E       F
            +---------+---------+-------+---------+---------+-------
      Total |      14 |       0 |   0.0 |       1 |       0 |   0.0
            +---------+---------+-------+---------+---------+-------
        D:5 |      14 |       0 |   0.0 |       1 |       0 |   0.0
            +---------+---------+-------+---------+---------+-------

Illustrated notes

Table legend:
 A = Kills in this place as a percentage of kills in entire the game.
 B = Kills by you in this place as a percentage of kills by you in the entire game.
 C = Kills by friends in this place as a percentage of kills by friends in the entire game.
 D = Other kills in this place as a percentage of other kills in the entire game.
 E = Experience gained in this place as a percentage of experience gained in the entire game.
 F = Experience gained in this place divided by the number of levels of this place that you have seen.
                   A       B       C       D       E      F
               +-------+-------+-------+-------+-------+----------------------
         Total | 100.0 | 100.0 |   N/A |   N/A | 100.0 |  14.0
       Dungeon | 100.0 | 100.0 |   N/A |   N/A | 100.0 |  14.0
               +-------+-------+-------+-------+-------+----------------------

Table legend: (Time is in decaauts)
 A = Elapsed time spent in this place.
 B = Non-inter-level travel time spent in this place.
 C = Inter-level travel time spent in this place.
 D = Time resting spent in this place.
 E = Time spent auto-exploring this place.
 F = Levels seen in this place.
 G = Mean time per level.
                   A        B        C        D        E       F      G
               +--------+--------+--------+--------+--------+-----+--------+
         Total |    169 |    169 |      0 |      0 |      0 |   1 |  169.0 |
       Dungeon |    169 |    169 |      0 |      0 |      0 |   1 |  169.0 |
               +--------+--------+--------+--------+--------+-----+--------+

Top non-repeatable levels by time:
     D:5: 169 daAuts
